 Dungeon Crawl Stone Soup version 0.20-a0-830-g2c9a30d (webtiles) character file.

122 4thArraOfDagon the Chopper (level 4, 0/32 HPs)
             Began as a Demonspawn Artificer on Mar 6, 2017.
             Was an Initiate of Yredelemnul.
             Killed from afar by anet's ghost (6 damage)
             ... with a magic dart
             ... on level 4 of the Dungeon.
             The game lasted 00:04:17 (947 turns).

4thArraOfDagon the Chopper (Demonspawn Artificer)    Turns: 947, Time: 00:04:18

Health: 0/32       AC:  9    Str: 12    XL:     4   Next: 78%
Magic:  6/6        EV: 11    Int: 14    God:    Yredelemnul [......]
Gold:   76         SH:  0    Dex: 13    Spells: 3/3 levels left

rFire    + . .     SeeInvis +   q - +0 war axe
rCold    . . .     Gourm    .   u - +0 acid dragon scales
rNeg     . . .     Faith    .   (no shield)
rPois    .         Spirit   .   (no helmet)
rElec    .         Reflect  .   (no cloak)
rCorr    +         Harm     .   t - +0 pair of gloves
MR       .....                  (no boots)
Stlth    +.........             (no amulet)
Regen    0.1/turn               l - ring of protection from fire
MPRegen  0.1/turn               j - ring of see invisible

@: confused, lethally poisoned (0 -> -3), slowed, very slow
A: thin metallic scales 1, powered by pain 1
a: Renounce Religion


You were on level 4 of the Dungeon.
You worshipped Yredelemnul.
Yredelemnul was noncommittal.
You were not hungry.

You visited 1 branch of the dungeon, and saw 5 of its levels.

You collected 76 gold pieces.

Inventory:

Hand Weapons
 a - a +0 short sword
 g - a +0 hand axe
 q - a +0 war axe (weapon)
Armour
 b - a +0 leather armour
 n - a +0 ring mail
 t - a +0 pair of gloves (worn)
 u - +0 acid dragon scales (worn)
Jewellery
 j - a ring of see invisible (left hand)
 l - a ring of protection from fire (right hand)
Wands
 c - a wand of flame (0/48)
 d - a wand of enslavement (12/24)
 e - a wand of random effects (13/48)
Scrolls
 h - a scroll of enchant armour {unknown}
 k - a scroll of remove curse {unknown}
 m - a scroll of teleportation {unknown}
 o - a scroll of blinking {unknown}
 p - 2 scrolls of amnesia {unknown}
 s - a scroll of magic mapping {unknown}
Potions
 i - a potion of flight
Comestibles
 f - 5 bread rations
 r - a fruit


   Skills:
 - Level 1.0 Fighting
 - Level 0.8 Short Blades
 * Level 4.1 Axes
 - Level 1.7 Dodging
 - Level 0.8 Stealth
 - Level 3.0 Evocations


You had 3 spell levels left.
You didn't know any spells.

Dungeon Overview and Level Annotations

Branches:
Dungeon (5/15)
 Temple: D:4-7

Altars:
Sif Muna
Wu Jian
Yredelemnul
Zin

Annotations:
D:4 anet's ghost, amateur DEWz


Innate Abilities, Weirdness & Mutations

You are partially covered in thin metallic scales. (AC +2)
You sometimes gain a little power by taking damage.


Message History

Unknown command.
Unknown command.
You feel sick.
The orc is engulfed in noxious fumes.
The orc appears confused.
The orc hits the adder with a mace.
The adder dies!
Anet's ghost points at you and mumbles some strange words.
You feel as though you will be slow longer.
You hear a shout!
Unknown command.
Anet's ghost gestures at you while chanting.
The ball explodes into a vile cloud!
The stinking cloud engulfs you!
Unknown command.
You are engulfed in noxious fumes.
You choke on the stench!
You are confused.
* * * LOW HITPOINT WARNING * * *
You feel sick. Anet's ghost casts a spell at you. The magic dart hits you!
You die...
Your body rises from the dead as a mindless zombie.

# ... #.. ... #..#
#'# #.... #.#
....#########.#
##....o.W.#.##
#.##..._§§§#.§..##
#....._8§..#§§...#
#####?._ow##@§..##
#.....##.#.#####.
#.##.....>.......#
#. #####.#########
#.######.#
#........#
##########


You could see anet's ghost.

Vanquished Creatures
  A phantom (D:3)
  A hound skeleton (D:4)
  An adder (D:2)
  A leopard gecko (D:2)
  4 orcs
  3 bats
  A giant cockroach (D:3)
  A goblin (D:2)
  2 hobgoblins
  2 jackals (D:1)
  2 kobolds
  A quokka (D:4)
  A frilled lizard (D:2)
  A quokka skeleton (D:4)
  A rat (D:2)
23 creatures vanquished.

Vanquished Creatures (collateral kills)
  An orc priest (D:3)
  3 orcs (D:3)
4 creatures vanquished.

Vanquished Creatures (others)
  An orc wizard (D:3)
  An adder (D:4)
2 creatures vanquished.

Grand Total: 29 creatures vanquished

Notes
Turn   | Place    | Note
-------+----------+-------------------------------------------
     0 | D:1      | 4thArraOfDagon the Demonspawn Artificer began the quest for the Orb.
     0 | D:1      | Reached XP level 1. HP: 15/15 MP: 3/3
    70 | D:1      | Reached skill level 1 in Axes
   149 | D:3      | Gained mutation: You are partially covered in thin metallic scales. (AC +2) [demonic ancestry]
   149 | D:3      | Reached XP level 2. HP: 6/21 MP: 4/4
   323 | D:2      | Reached skill level 2 in Axes
   336 | D:2      | HP: 1/21 [rat (3)]
   343 | D:2      | Gained mutation: You sometimes gain a little power by taking damage. [demonic ancestry]
   343 | D:2      | Reached XP level 3. HP: 2/26 MP: 5/5
   426 | D:3      | Noticed a phantom
   486 | D:3      | Killed a phantom
   486 | D:3      | Reached skill level 3 in Axes
   486 | D:3      | Reached XP level 4. HP: 6/32 MP: 6/6
   904 | D:5      | Entered Level 5 of the Dungeon
   923 | D:4      | Found an ornate altar of the Wu Jian Council.
   923 | D:4      | Found a deep blue altar of Sif Muna.
   929 | D:4      | Found a glowing silver altar of Zin.
   929 | D:4      | Found a basalt altar of Yredelemnul.
   935 | D:4      | Noticed anet's ghost (amateur DEWz)
   935 | D:4      | Became a worshipper of Yredelemnul the Dark
   936 | D:4      | Reached skill level 4 in Axes
   947 | D:4      | Killed from afar by anet's ghost

Vault maps used:
D:1:      scummos_arrival_gate
D:2:      nemelex_lonely_heart_becter
D:3:      first_bread, uniq_terence
D:4:      fedhas_altar_1, chequers_temple_overflow_statue_of_worship
D:5:      serial_shops, nicolae_shop_behind_doors

Skill      XL: |  1  2  3  4 |
---------------+-------------+-----
Axes           | 1 2 3 4 |  4.1
Fighting       | |  1.0
Short Blades   | |  0.8
Dodging        | |  1.7
Stealth        | |  0.8
Evocations     | |  3.0

Action                   |  1- 3 |  4- 6 || total
-------------------------+-------+-------++-------
Melee: Hand axe          |    64 |     3 ||    67
       War axe           |       |    14 ||    14
Evoke: Wand              |    19 |     1 ||    20
  Use: Potion            |     1 |       ||     1
Armor: Leather armour    |    30 |       ||    30
       Ring mail         |    21 |     7 ||    28
       Acid dragon scale |       |     5 ||     5
Dodge: Dodged            |    67 |    22 ||    89
